 Dungeon Crawl Stone Soup version 0.26-a0-646-g5d7718319a (webtiles) character file.

Game seed: 10580057488853400249

191 Descartes the Conjurer (level 5, -1/28 HPs)
             Began as a Deep Elf Conjurer on Sept 24, 2020.
             Killed from afar by an orc wizard (9 damage)
             ... with a puff of flame
             ... on level 3 of the Dungeon.
             The game lasted 00:04:51 (3008 turns).

Descartes the Conjurer (Deep Elf Conjurer)          Turns: 3008, Time: 00:04:51

Health: -1/28      AC:  4    Str:  4    XL:     5   Next: 42%
Magic:  8/13       EV: 16    Int: 24    God:
Gold:   155        SH:  0    Dex: 13    Spells: 12/13 levels left

rFire    . . .     SeeInvis .   t - +3 dagger
rCold    . . .     Faith    .   (no shield)
rNeg     . . .     Spirit   .   n - +0 leather armour
rPois    +         Reflect  .   l - +0 helmet
rElec    .         Harm     .   (no cloak)
rCorr    .         Rampage  .   (no gloves)
MR       .....                  (no boots)
Stlth    ++........             (no amulet)
HPRegen  0.09/turn              c - +4 ring of evasion
MPRegen  0.13/turn              e - ring of poison resistance

@: slowed, very slow
A: no striking features
a: no special abilities


You were on level 3 of the Dungeon.
You visited 1 branch of the dungeon, and saw 3 of its levels.

You collected 155 gold pieces.

Inventory:

Hand Weapons
 t - a +3 dagger (weapon)
Missiles
 b - 15 poisoned darts
 j - 70 arrows
 k - 62 stones (quivered)
Armour
 l - a +0 helmet (worn)
 n - a +0 leather armour (worn)
Jewellery
 a - an uncursed amulet of reflection {unknown}
 c - a +4 ring of evasion (left hand)
 e - a ring of poison resistance (right hand)
 q - an uncursed ring of magical power
Scrolls
 d - 2 scrolls of teleportation
 f - 2 scrolls of noise {unknown}
 i - a scroll of magic mapping {unknown}
 r - a scroll of remove curse {unknown}
 s - a scroll of identify {unknown}
 v - a scroll of blinking {unknown}
Potions
 g - a potion of lignification {unknown}
 h - 3 potions of heal wounds {unknown}
 m - a potion of flight {unknown}
 o - 2 potions of haste {unknown}
 p - a potion of cancellation {unknown}
 u - a potion of ambrosia {unknown}


   Skills:
 + Level 3.9 Dodging
 + Level 4.2 Stealth
 + Level 4.5 Spellcasting
 + Level 5.3 Conjurations


You had 12 spell levels left.
You knew the following spells:

 Your Spells              Type           Power        Failure   Level
a - Magic Dart            Conj           ####         1%          1

Your spell library contained the following spells:

 Spells                   Type           Power        Failure   Level
 Searing Ray              Conj           ####..       2%          2
 Dazzling Flash           Conj/Hex       ###...       17%         3
 Fulminant Prism          Conj/Hex       ###.......   50%         4
 Iskenderun's Mystic Bla  Conj/Tloc      ###.....     50%         4


Dungeon Overview and Level Annotations

Branches:
Dungeon (3/15)

Altars:


Message History

Casting: Magic Dart (safe; 1% risk of failure)
Confirm with . or Enter, or press ? or * to list all spells.
Aiming: Magic Dart (safe; 1% risk of failure)
Press: ? - help, Shift-Dir - straight line, f/p - orc wizard
Aim: an orc wizard, wielding a +0 dagger and wearing a +0 robe (severely wounded)
The magic dart hits the orc wizard.
The orc wizard is severely wounded.
The orc wizard casts a spell at you. The magic dart hits you!
A goblin comes into view.
The orc wizard hits you with a +0 dagger.
* * * LOW HITPOINT WARNING * * *
The orc wizard barely misses you.
The orc wizard mumbles some strange words.
The orc wizard seems to speed up.
There is a stone staircase leading up here.
The orc wizard barely misses you.
The orc wizard gestures at you while chanting.
The puff of flame hits you!
You die...

# .# ########.#
#......... #.....<..
#####.......
#........#######..#.
#.......@#..Soog....
#........o.#####..#.
#........###
#.....†..#
#######..# ##.# #.
#.# #.# #. #.# #.#
#. #.# #.# #.


You could see an orc wizard (fast).

Vanquished Creatures
  A hound (D:2)
  Jessica (D:3)
  4 adders (D:2)
  3 oozes
  4 worms (D:2)
  3 dart slugs (D:1)
  A leopard gecko (D:2)
  5 bats
  6 giant cockroaches
  9 goblins
  9 hobgoblins
  5 jackals
  7 kobolds
  A ball python (D:3)
  5 frilled lizards
  8 rats
72 creatures vanquished.

Notes
Turn   | Place    | Note
-------+----------+-------------------------------------------
     0 | D:1      | Descartes the Deep Elf Conjurer began the quest for the
                  | Orb.
     0 | D:1      | Reached XP level 1. HP: 10/10 MP: 6/6
   390 | D:1      | Reached XP level 2. HP: 15/15 MP: 5/8
   798 | D:1      | Reached XP level 3. HP: 19/19 MP: 1/10
  1826 | D:2      | Reached skill level 5 in Conjurations
  1826 | D:2      | Reached XP level 4. HP: 17/24 MP: 12/12
  2398 | D:2      | Reached XP level 5. HP: 28/28 MP: 8/13
  2878 | D:3      | Noticed Jessica
  2881 | D:3      | Killed Jessica
  3008 | D:3      | Killed from afar by an orc wizard

Illustrated notes

Levels and vault maps discovered:
D:1:      wander_arrival_desolate, layout_loops_corners, st_stairs_10
D:2:      layout_basic, minmay_cupped
D:3:      layout_rooms, item_on_display_a, uniq_crazy_yiuf_cottage,
          uniq_jessica, uniq_natasha

Skill      XL: |  1  2  3  4 |
---------------+-------------+-----
Stealth        | 3 4 |  4.2
Dodging        | 3 |  3.9
Spellcasting   | 4 |  4.5
Conjurations   | 5 |  5.3

Action                   |  1- 3 |  4- 6 || total
-------------------------+-------+-------++-------
 Cast: Magic Dart        |    84 |    80 ||   164
  Use: Scroll            |       |     1 ||     1
Armor: Leather armour    |     1 |     6 ||     7
Dodge: Dodged            |     6 |    12 ||    18

Table legend: (Time is in decaauts)
 A = Elapsed time spent in this place.
 B = Non-inter-level travel time spent in this place.
 C = Inter-level travel time spent in this place.
 D = Time resting spent in this place.
 E = Time spent auto-exploring this place.
 F = Levels seen in this place.
 G = Mean time per level.
                   A        B        C        D        E       F      G
               +--------+--------+--------+--------+--------+-----+--------+
         Total |   3009 |   2924 |     85 |      0 |   2600 |   3 | 1003.0 |
       Dungeon |   3009 |   2924 |     85 |      0 |   2600 |   3 | 1003.0 |
               +--------+--------+--------+--------+--------+-----+--------+

Top non-repeatable levels by time:
     D:1: 1484 daAuts
     D:2: 1240 daAuts
     D:3: 284 daAuts
